 Dungeon Crawl Stone Soup version 0.31-a0-210-gccc998df9b (webtiles) character file.

Game seed: 6233301538650452370

36 qw the Shooter (level 3, -6/21 HPs)
             Began as a Gargoyle Hexslinger on June 29, 2023.
             Mangled by Robin
             ... wielding a +1 spear of distortion
              (24 damage)
             ... on level 2 of the Dungeon.
             The game lasted 00:00:19 (466 turns).

qw the Shooter (Gargoyle Hexslinger)                 Turns: 466, Time: 00:00:20

Health: -6/21      AC:  7    Str: 11    XL:     3   Next: 37%
Magic:  4/4        EV: 17    Int: 13    God:
Gold:   71         SH:  0    Dex: 14    Spells: 3/4 levels left

rFire   . . .        Y - +2 sling
rCold   . . .        (no shield)
rNeg    + . .        c - +0 robe
rPois   inf          (no helmet)
rElec   +            (no cloak)
rCorr   .            j - +1 pair of gloves
SInv    .            (no boots)
Will    .....        (no amulet)
Stlth   +            d - +5 ring of evasion
HPRegen 0.23/turn    (no ring)
MPRegen 0.09/turn

%: no passive effects
@: no status effects
A: sickness immunity, AC +3, negative energy resistance 1, electricity
resistance, torment resistance 1, petrification resistance
a: no special abilities


You were on level 2 of the Dungeon.
You visited 1 branch of the dungeon, and saw 2 of its levels.

You collected 71 gold pieces.


Innate Abilities, Weirdness & Mutations

You are immune to sickness and miasma.
Your stone body is resilient. (AC +3)
You are immune to poison.
You resist negative energy. (rN+)
You are resistant to electric shocks. (rElec)
You are resistant to unholy torment.
You are immune to petrification.


   Skills:
 - Level 2.0 Fighting
 + Level 3.3 Ranged Weapons
 - Level 1.5 Dodging
 - Level 1.0 Spellcasting
 - Level 2.6 Hexes


You had 3 spell levels left.
You knew the following spells:

 Your Spells              Type           Power      Damage    Failure   Level
a - Slow                  Hex            28%        N/A       10%         1

Your spell library contained the following spells:

 Spells                   Type           Power      Damage    Failure   Level
 Inner Flame              Hex/Fire       4%         N/A       43%         3
 Portal Projectile        Hex/Tloc       8%         N/A       43%         3
 Cause Fear               Hex            3%         N/A       67%         4

Inventory:

Hand Weapons
 Y - a +2 sling (weapon)
Armour
 b - a +2 helmet of see invisible
 c - a +0 robe (worn)
 j - a +1 pair of gloves (worn)
Jewellery
 d - a +5 ring of evasion (left hand)
Scrolls
 a - a scroll of identify
Potions
 e - a potion of heal wounds
 f - a potion of magic {unknown}
 i - a potion of mutation {unknown}
 k - a potion of curing {unknown}

Dungeon Overview and Level Annotations

Branches:
Dungeon (2/15)

Altars:

Annotations:
D:2 Robin


Message History

You shoot a sling bullet. The sling bullet hits the goblin.
You kill the goblin!
You shoot a sling bullet. The sling bullet hits Robin.
Robin is moderately wounded.
A goblin comes into view. It is wielding a +2 vampiric dagger.
Robin hits you but does no damage.
You shoot a sling bullet. The sling bullet hits Robin.
Robin is moderately wounded.
Robin misses you.
You shoot a sling bullet.
The sling bullet hits Robin but does no damage.
Robin is moderately wounded.
A goblin comes into view. It is wielding a +0 dagger.
Robin throws the goblin at you! The goblin misses you.
Robin says, "My goblins will feast on your bones."
Robin completely misses you.
A goblin comes into view. It is wielding a +0 dagger.
You shoot a sling bullet. The sling bullet hits the goblin!
You kill the goblin!
A goblin comes into view. It is wielding a +0 club.
Robin barely misses you.
You shoot a sling bullet.
The sling bullet barely misses the goblin.
The sling bullet hits Robin.
Robin is heavily wounded.
Robin roars a battlecry!
The goblin goes into a battle-frenzy!
You shoot a sling bullet. The sling bullet hits the goblin.
The goblin is heavily wounded.
A hobgoblin comes into view.
The goblin barely misses you. Robin throws the goblin at you!
You shoot a sling bullet. The sling bullet hits the goblin!
You kill the goblin!
You hear a shout!
A hobgoblin comes into view.
The goblin barely misses you. The goblin closely misses you.
Robin throws the goblin at you! Robin hits you but does no damage.
Space warps horribly around you!!
Ouch! That really hurt!
You die...

######. %.
..... ... #.
..... .. ..
... .. . ...
. #.#>#.#
##.#.#.#
#.g)@g.#
#..#g### ..gg
#.# ##.#
#.#########.#
..
#.##........#
.
#.###.#####.
#.........#
#####.#.###
###...#


You could see Robin, 2 hobgoblins and 2 goblins.

Vanquished Creatures
  2 dart slugs (D:1)
  3 ball pythons
  4 endoplasms
  2 giant cockroaches (D:1)
  7 goblins
  3 hobgoblins (D:1)
  2 bats (D:1)
  2 frilled lizards (D:1)
  3 kobolds (D:1)
  A rat (D:1)
29 creatures vanquished.

Notes
Turn   | Place    | Note
-------+----------+-------------------------------------------
     0 | D:1      | qw the Gargoyle Hexslinger began the quest for the Orb.
     0 | D:1      | Reached XP level 1. HP: 12/12 MP: 2/2
     0 | D:1      | 0 ||| qw: Version: 0.3-a-24-ga2abf7b
     0 | D:1      | 0 ||| qw: Game counter: 6912
     0 | D:1      | 0 ||| qw: Melee chars always use a shield: true
     0 | D:1      | 0 ||| qw: God list: Okawaru
     0 | D:1      | 0 ||| qw: Allow faded altars: false
     0 | D:1      | 0 ||| qw: Do Orc after clearing Dungeon:15 true
     0 | D:1      | 0 ||| qw: Do second Lair branch before Depths: true
     0 | D:1      | 0 ||| qw: Lair rune preference: random
     0 | D:1      | 0 ||| qw: Goals: Normal
     0 | D:1      | 0 ||| PLANNING D:1-11
    77 | D:1      | Reached XP level 2. HP: 16/16 MP: 3/3
   151 | D:1      | Reached skill level 3 in Ranged Weapons
   236 | D:1      | Reached XP level 3. HP: 21/21 MP: 4/4
   374 | D:1      | 374 ||| UPGRADING to +1 pair of gloves.
   379 | D:1      | 379 ||| UPGRADING to +5 ring of evasion.
   380 | D:1      | 380 ||| READING 3 scrolls labelled YDYUNT LOEMME.
   381 | D:1      | 381 ||| READING scroll labelled IREOQA HUABAJ.
   382 | D:1      | 382 ||| READING 2 scrolls of identify.
   382 | D:1      | 382 ||| IDENTIFYING coppery potion
   383 | D:1      | 383 ||| DROPPING scroll of poison.
   457 | D:2      | Noticed Robin
   466 | D:2      | Mangled by Robin

Levels and vault maps discovered:
D:1:      heliophobic_arrival_ceremonial_halls, layout_rooms
D:2:      layout_basic, dreamdust_ecumenical_altar_hidden_monk_grotto,
          basic_altar, uniq_robin, uniq_sigmund, uniq_jessica

Skill      XL: |  1  2 |
---------------+-------+-----
Ranged Weapons | 3 |  3.3
Fighting       | 2 |  2.0
Dodging        | |  1.5
Spellcasting   | |  1.0
Hexes          | |  2.6

Action                     || total
---------------------------++-------
   Fire: Sling             ||    84
    Use: Scroll            ||     3
 Armour: Robe              ||    18
  Dodge: Dodged            ||    44

Table legend:
 A = Non-vault XP
 B = Vault XP
 C = Vault XP percentage of total XP
 D = Non-vault monster count
 E = Vault monster count
 F = Vault count percentage of total count
                 A         B        C        D         E       F
            +---------+---------+-------+---------+---------+-------
      Total |      42 |      12 |  22.2 |      23 |       6 |  20.7
            +---------+---------+-------+---------+---------+-------
        D:1 |      38 |       0 |   0.0 |      21 |       0 |   0.0
        D:2 |       4 |      12 |  75.0 |       2 |       6 |  75.0
            +---------+---------+-------+---------+---------+-------
